 Dungeon Crawl Stone Soup version 0.29.1-12-g30fa7ad0bf (webtiles) character file.

Game seed: 1337454498369599787

31878 DemonSlayer the Thaumaturge (level 13, -3/92 (94) HPs)
             Began as a Demonspawn Earth Elementalist on Jan 16, 2023.
             Was the Champion of Cheibriados.
             Slain by a cane toad (68 damage)
             ... on level 5 of the Lair of Beasts.
             The game lasted 00:41:33 (20309 turns).

DemonSlayer the Thaumaturge (DsEE)                 Turns: 20309, Time: 00:41:34

HP:   -3/92 (94)    AC: 18    Str: 27    XL:     13   Next: 28%
MP:   24/28         EV:  2    Int: 45    God:    Cheibriados [******]
Gold: 786           SH:  0    Dex: 41    Spells: 19/34 levels left

rFire   + + .      SeeInvis .   f - +9 mace of Reapportionment {flame, rF++}
rCold   x . .      Faith    .   (no shield)
rNeg    + . .      Spirit   .   H - +3 troll leather armour
rPois   .          Reflect  +   c - +0 helmet
rElec   .          Harm     +   R - +4 cloak "Zutod" {Harm rC- rN+ Int+4}
rCorr   .          Rampage  .   J - +0 pair of gloves
Will    .....                   m - +0 pair of boots
Stlth   +++++.....              y - amulet of Miustenne {Reflect Int+4 SH+5 Stlth+}
HPRegen 1.05/turn               M - ring "Seryid" {Str+4 Dex+6}
MPRegen 0.21/turn               D - +6 ring of dexterity

@: lethally poisoned (-3 -> -12), sleeping, lightly drained, very slow
A: hooves 1, rugged brown scales 2, ignite blood 1, powered by pain 3
a: Renounce Religion, Bend Time, Temporal Distortion, Slouch, Step From Time


You were on level 5 of the Lair of Beasts.
You worshipped Cheibriados.
Cheibriados was exalted by your worship.
You visited 2 branches of the dungeon, and saw 14 of its levels.
You also visited: Gauntlet.

You collected 986 gold pieces.
You spent 200 gold pieces at shops.

Inventory:

Hand Weapons
 f - the +9 mace of Reapportionment (weapon) {flame, rF++}
   (You bought it in a shop on level 3 of the Dungeon)

   It burns those it strikes, dealing additional fire damage.
   rF:        It greatly protects you from fire.
 v - a +8 quarterstaff of electrocution
 K - the +4 sling "Aplemap" {flame, Will+ Str+7 Int+4 Dex-4}
   (You found it in a Gauntlet)

   Any ammunition fired from it burns those it strikes, dealing additional fire
   damage.
   Str:       It affects your strength (+7).
   Int:       It affects your intelligence (+4).
   Dex:       It affects your dexterity (-4).
   Will:      It increases your willpower.
Missiles
 n - 4 silver javelins
 x - 4 curare-tipped darts
 I - a throwing net
Armour
 c - a +0 helmet (worn)
 m - a +0 pair of boots (worn)
 w - a +0 cloak
 H - a +3 troll leather armour (worn)
 J - a +0 pair of gloves (worn)
 R - the +4 cloak "Zutod" (worn) {Harm rC- rN+ Int+4}
   (You found it in a Gauntlet)

   Int:       It affects your intelligence (+4).
   rC:        It makes you vulnerable to cold.
   rN:        It protects you from negative energy.
   Harm:      It increases damage dealt and taken.
 S - a +2 scale mail of cold resistance
Jewellery
 g - a +6 ring of strength
 y - the amulet of Miustenne (around neck) {Reflect Int+4 SH+5 Stlth+}
   (You found it in a Gauntlet)

   [amulet of reflection]

   It reflects blocked missile attacks.
   Int:       It affects your intelligence (+4).
   SH:        It affects your SH (+5).
   Stlth:     It makes you more stealthy.
 D - a +6 ring of dexterity (right hand)
 M - the ring "Seryid" (left hand) {Str+4 Dex+6}
   (You found it in a Gauntlet)

   [ring of dexterity]

   Str:       It affects your strength (+4).
   Dex:       It affects your dexterity (+6).
Wands
 a - a wand of polymorph (7)
 h - a wand of roots (10)
 B - a wand of flame (36)
 F - a wand of charming (22)
 G - a wand of mindburst (10)
 P - a wand of quicksilver (4)
Scrolls
 d - 4 scrolls of vulnerability
 j - 4 scrolls of immolation
 l - 2 scrolls of torment
 o - a scroll of amnesia
 p - 4 scrolls of teleportation
 C - a scroll of magic mapping
 E - a scroll of butterflies
 L - a scroll of identify
 Q - a scroll of poison
Potions
 b - 3 potions of magic
 e - 6 potions of brilliance
 i - 7 potions of attraction
 k - a potion of flight
 q - 4 potions of lignification
 r - a potion of heal wounds
 s - 6 potions of curing
 t - 3 potions of mutation
 u - a potion of ambrosia
 z - a potion of resistance
 A - 2 potions of might
Miscellaneous
 T - a condenser vane


   Skills:
 + Level 4.8 Fighting
 + Level 6.3 Maces & Flails
 + Level 1.4 Throwing
 + Level 5.4 Armour
 + Level 6.5 Dodging
 + Level 4.5 Stealth
 + Level 0.5 Shields
 + Level 0.2 Unarmed Combat
 + Level 11.0 Spellcasting
 + Level 9.0 Conjurations
 + Level 0.8 Transmutations
 + Level 10.9 Earth Magic
 + Level 1.4 Evocations


You had 19 spell levels left.
You knew the following spells:

 Your Spells              Type           Power      Damage    Failure   Level
a - Sandblast             Erth           100%       2d20      0%          1
b - Stone Arrow           Conj/Erth      100%       3d13      1%          3
c - Petrify               Tmut/Erth      67%        N/A       1%          4
d - Passwall              Tmut/Erth      55%        N/A       1%          2
e - Teleport Other        Tloc           24%        N/A       3%          3
f - Ensorcelled Hibernat  Hex/Ice        48%        N/A       1%          2

Your spell library contained the following spells:

 Spells                   Type           Power      Damage    Failure   Level
 Apportation              Tloc           48%        N/A       1%          1
 Necrotise                Necr           96%        1d8       1%          1
 Summon Small Mammal      Summ           96%        N/A       1%          1
 Gell's Gravitas          Tloc           24%        N/A       3%          3
 Lesser Beckoning         Tloc           24%        N/A       3%          3
 Spider Form              Tmut/Pois      28%        N/A       3%          3
 Anguish                  Hex/Necr       12%        N/A       12%         4


Dungeon Overview and Level Annotations

Branches:
Dungeon (9/15)             Temple (0/1) D:6            Lair (5/5) D:9
  Swamp (0/4) Lair:2        Snake (0/4) Lair:3      Gauntlet (visited)
  Slime: Lair:4-5       Orc: D:9-12

Altars:
Cheibriados
Dithmenos
Kikubaaqudgha
Qazlal
Ru
Trog
Uskayaw
Wu Jian
Xom

Shops:
D:3 (


Innate Abilities, Weirdness & Mutations

You have large cloven feet.
You are mostly covered in rugged brown scales. (AC +2, +5% HP)
Your demonic aura sometimes causes spilled blood to erupt in flames.
You are powered by pain.


Message History

Cheibriados appreciates the change of pace.
The hell rat bites you. You partially resist.
You feel drained.
A dream sheep comes into view.
The stone arrow hits the hell rat!
You kill the hell rat!
Cheibriados appreciates the change of pace.
A black mamba comes into view.
The hell rat misses you. The hell rat barely misses you.
The stone arrow hits the hell rat!
The hell rat is severely wounded.
The black mamba hisses angrily.
The hell rat misses you. You block the hell rat's attack.
The hell rat barely misses you.
The stone arrow hits the hell rat!
You kill the hell rat!
Cheibriados thoroughly appreciates the change of pace.
The cane toad stings you!
A dream sheep comes into view.
The black mamba barely misses you. The hell rat completely misses you.
The stone arrow hits the black mamba!
The black mamba is heavily wounded.
The black mamba bites you!
You focus on the pain.
You feel your power returning.
You are poisoned.
The black mamba poisons you! You block the cane toad's attack.
The dream sheep ruffle their wool and motes of dream dust sparkle, to no effect.
The hell rat misses you. You block the hell rat's attack.
The black mamba bites you but does no damage.
Unknown command.
The stone arrow hits the black mamba!
You kill the black mamba!
Cheibriados thoroughly appreciates the change of pace.
You feel very sick. The cane toad barely misses you. The hell rat misses you.
The hell rat barely misses you.
The dream sheep shake their wool and sparkle.
You feel drowsy...
You fall asleep.
The cane toad stings you!!!
Ouch! That really hurt!
You die...

#. ##. ... #..##
...... +## ...#
.........
....##..###.......P
#....§.##.#.#....
#.○†r...PYP...P
+..@Y⌠#.....P..
#..rF.#........
#..#.⌠.#.........
...# ######.#.P.P.
.. #.......... .
.r.rP........
#.#...........
#....rP.....#..
..............


You could see a cane toad, 2 dream sheep and 2 hell rats.

Vanquished Creatures
  A minotaur (Gauntlet)
  A hydra (Lair:1)
  A ghost crab (Gauntlet)
  Erica (D:8)
  A two-headed ogre (D:7)
  Sonja (Lair:3)
  Pikel (D:8)
  Maurice (D:8)
  5 black mambas
  12 elephants
  9 cane toads
  An unseen horror (D:7)
  Psyche (D:9)
  2 polar bears
  A troll (D:9)
  9 dream sheep
  9 blink frogs
  Sigmund (D:3)
  11 flying skulls (Gauntlet)
  A vampire (D:9)
  A wraith (D:9)
  4 wyverns
  38 yaks
  7 humans (D:9)
  2 basilisks (Lair:1)
  4 vampire mosquitoes (D:7)
  A swamp worm (Lair:2)
  7 water moccasins
  3 orc warriors
  A black bear (D:2)
  A sky beast (D:6)
  An ice beast (D:5)
  2 ogres
  3 centaurs (D:9)
  A phantom (D:5)
  2 kobold brigands
  2 necrophages
  11 bullfrogs
  3 scorpions (D:4)
  6 wights
  12 killer bees
  2 electric eels (D:6)
  2 howler monkeys
  4 hounds
  4 jellies
  Crazy Yiuf (D:3)
  2 gnoll boudas
  An orc priest (D:7)
  4 iguanas
  13 orc wizards
  6 hell rats
  Ijyb (D:4)
  8 gnolls
  5 adders
  A shadow imp (D:8)
  5 white imps
  3 worms
  5 dart slugs
  25 orcs
  2 endoplasms
  5 giant cockroaches
  4 goblins
  5 hobgoblins
  6 jackals
  13 kobolds
  4 quokkas
  9 ball pythons
  11 bats
  2 frilled lizards (D:1)
  3 rats
338 creatures vanquished.

Vanquished Creatures (others)
  18 fungi
  13 plants
  2 withered plants (Gauntlet)
33 creatures vanquished.

Grand Total: 371 creatures vanquished

Notes
Turn   | Place    | Note
-------+----------+-------------------------------------------
     0 | D:1      | DemonSlayer the Demonspawn Earth Elementalist began the
                  | quest for the Orb.
     0 | D:1      | Reached XP level 1. HP: 13/13 MP: 3/3
   240 | D:1      | Gained mutation: You are partially covered in rugged brown
                  | scales. (AC +1, +3% HP) [demonic ancestry]
   240 | D:1      | Reached XP level 2. HP: 7/19 MP: 0/5
   803 | D:1      | Reached XP level 3. HP: 24/24 MP: 4/6
  1940 | D:2      | Found a faded altar of an unknown god.
  2652 | D:2      | Reached skill level 3 in Spellcasting
  2682 | D:2      | Found a shimmering altar of Xom.
  2702 | D:2      | Reached XP level 4. HP: 30/30 MP: 6/8
  2726 | D:2      | Noticed a black bear
  2733 | D:2      | Killed a black bear
  2734 | D:2      | Gained mutation: You have large cloven feet. [demonic
                  | ancestry]
  2734 | D:2      | Reached XP level 5. HP: 33/37 MP: 3/10
  2738 | D:2      | Learned a level 3 spell: Stone Arrow
  2743 | D:2      | Learned a level 4 spell: Petrify
  2746 | D:2      | Learned a level 2 spell: Passwall
  3287 | D:3      | Found a runed translucent door.
  3288 | D:3      | Noticed Crazy Yiuf
  3341 | D:3      | Found Puocwe's Antique Weapon Emporium.
  3734 | D:3      | Noticed Sigmund
  3758 | D:3      | Killed Sigmund
  3759 | D:3      | Reached skill level 4 in Spellcasting
  3759 | D:3      | Gained mutation: Your demonic aura sometimes causes spilled
                  | blood to erupt in flames. [demonic ancestry]
  3759 | D:3      | Reached XP level 6. HP: 28/43 MP: 4/12
  3964 | D:3      | Reached skill level 1 in Armour
  4122 | D:3      | Killed Crazy Yiuf
  4197 | D:3      | Bought an ichor-stained mace for 200 gold pieces
  4197 | D:3      | Identified the +9 mace of Reapportionment {flame, rF++}
                  | (You bought it in a shop on level 3 of the Dungeon)
  4700 | D:4      | Found a stormy altar of Qazlal.
  4937 | D:4      | Reached XP level 7. HP: 40/48 MP: 7/14
  5146 | D:4      | Noticed Ijyb
  5147 | D:4      | Reached skill level 5 in Earth Magic
  5154 | D:4      | Killed Ijyb
  5220 | D:4      | Found a snail-covered altar of Cheibriados.
  5263 | D:4      | Became a worshipper of Cheibriados the Contemplative
  5372 | D:4      | Reached skill level 1 in Fighting
  5372 | D:4      | Reached skill level 5 in Spellcasting
  5675 | D:4      | Identified a scroll of acquirement
  5675 | D:4      | Acquired a book of Displacement
  5683 | D:4      | Learned a level 3 spell: Teleport Other
  5707 | D:5      | Entered Level 5 of the Dungeon
  6359 | D:5      | Identified the -1 pair of gloves of Jaetijumm {rC+}
  6410 | D:5      | Reached XP level 8. HP: 55/55 MP: 14/16
  6512 | D:5      | Reached skill level 6 in Spellcasting
  6520 | D:5      | Reached * piety under Cheibriados
  7613 | D:6      | Found a staircase to the Ecumenical Temple.
  7716 | D:6      | Reached skill level 1 in Maces & Flails
  8271 | D:6      | Reached ** piety under Cheibriados
  8693 | D:7      | Reached skill level 1 in Conjurations
  8695 | D:7      | Gained mutation: You sometimes gain a little power by
                  | taking damage. [demonic ancestry]
  8695 | D:7      | Reached XP level 9. HP: 45/61 MP: 4/19
  8830 | D:7      | Killed an unseen horror
  8831 | D:7      | Reached skill level 7 in Spellcasting
  9185 | D:7      | Noticed a two-headed ogre
  9191 | D:7      | Killed a two-headed ogre
  9405 | D:7      | Found a hide-covered altar of Uskayaw.
  9406 | D:7      | Noticed a +0 dagger
  9407 | D:7      | Noticed a +0 hand axe
  9647 | D:7      | Gained mutation: You are mostly covered in rugged brown
                  | scales. (AC +2, +5% HP) [demonic ancestry]
  9647 | D:7      | Reached XP level 10. HP: 32/70 MP: 1/21
  9894 | D:7      | Reached *** piety under Cheibriados
 10475 | D:8      | Noticed Pikel
 10482 | D:8      | Killed Pikel
 10690 | D:8      | Noticed Erica
 10696 | D:8      | Killed Erica
 10697 | D:8      | Reached skill level 8 in Spellcasting
 10697 | D:8      | Reached skill level 5 in Conjurations
 10734 | D:8      | Noticed Maurice
 10801 | D:8      | Killed Maurice
 11194 | D:8      | Found a bloodstained altar of Trog.
 11194 | D:8      | Found a sacrificial altar of Ru.
 11201 | D:8      | Found an ornate altar of the Wu Jian Council.
 11203 | D:8      | Found an ancient bone altar of Kikubaaqudgha.
 11205 | D:8      | Found a shadowy altar of Dithmenos.
 11682 | D:9      | Reached skill level 1 in Evocations
 11703 | D:9      | Reached **** piety under Cheibriados
 11852 | D:9      | Gained mutation: You sometimes gain power by taking damage.
                  | [demonic ancestry]
 11852 | D:9      | Reached XP level 11. HP: 53/78 MP: 5/23
 12306 | D:9      | Noticed Psyche
 12318 | D:9      | Killed Psyche
 12726 | D:9      | Reached skill level 1 in Throwing
 12782 | D:9      | Found a staircase to the Lair.
 12791 | D:9      | Reached ***** piety under Cheibriados
 12792 | D:9      | Reached skill level 9 in Spellcasting
 13307 | Lair:1   | Entered Level 1 of the Lair of Beasts
 14180 | Lair:2   | Reached skill level 5 in Dodging
 14257 | Lair:2   | Found a staircase to the Swamp.
 14588 | Lair:2   | Reached skill level 5 in Maces & Flails
 14608 | Lair:2   | Gained mutation: You are powered by pain. [demonic
                  | ancestry]
 14608 | Lair:2   | Reached XP level 12. HP: 35/87 MP: 25/25
 15501 | Lair:1   | Reached skill level 5 in Armour
 15636 | Lair:1   | Reached skill level 10 in Earth Magic
 15638 | Lair:1   | Reached skill level 10 in Spellcasting
 15869 | Lair:1   | Reached ****** piety under Cheibriados
 16355 | Lair:1   | Noticed a seven-headed hydra
 16364 | Lair:1   | Killed a seven-headed hydra
 16883 | Lair:3   | Found a gate leading to a gauntlet.
 16892 | Gauntlet | Entered a Gauntlet
 16892 | Gauntlet | Noticed a ghost crab
 16892 | Gauntlet | Noticed a death scarab
 16892 | Gauntlet | Found a large runed translucent door.
 16892 | Gauntlet | Found a large runed translucent door.
 16892 | Gauntlet | Found a large runed translucent door.
 16892 | Gauntlet | Found a large runed translucent door.
 16892 | Gauntlet | Found a runed translucent door.
 16892 | Gauntlet | Found a large runed translucent door.
 16892 | Gauntlet | Found a large runed translucent door.
 16892 | Gauntlet | Found a transporter.
 16892 | Gauntlet | Found a transporter.
 16892 | Gauntlet | Found a large runed translucent door.
 16892 | Gauntlet | Found a large runed translucent door.
 16892 | Gauntlet | Found a runed translucent gate.
 16892 | Gauntlet | Found a runed translucent gate.
 16892 | Gauntlet | Found a transporter.
 16896 | Gauntlet | Found a transporter.
 16896 | Gauntlet | Found a transporter.
 16897 | Gauntlet | Found a runed translucent gate.
 16897 | Gauntlet | Found a runed translucent door.
 16901 | Gauntlet | Found a large runed translucent door.
 16901 | Gauntlet | Found a large runed translucent door.
 16906 | Gauntlet | Found a transporter.
 16920 | Gauntlet | Found a transporter.
 16928 | Gauntlet | Found a transporter.
 16946 | Gauntlet | Found a transporter.
 16954 | Gauntlet | Found a transporter.
 16974 | Gauntlet | Found a transporter.
 16977 | Gauntlet | Found a large runed translucent door.
 16978 | Gauntlet | Found a large runed translucent door.
 16979 | Gauntlet | Found a large runed translucent door.
 16979 | Gauntlet | Found a large runed translucent door.
 16987 | Gauntlet | Found a large runed translucent door.
 16987 | Gauntlet | Found a large runed translucent door.
 17025 | Gauntlet | Found a transporter.
 17245 | Gauntlet | Killed a ghost crab
 17509 | Gauntlet | Identified the amulet of Miustenne {Reflect Int+4 SH+5
                  | Stlth+}
 17518 | Gauntlet | Identified the +4 sling "Aplemap" {flame, Will+ Str+7 Int+4
                  | Dex-4}
 17685 | Gauntlet | Identified the ring "Seryid" {Str+4 Dex+6}
 17758 | Gauntlet | Noticed a minotaur
 17764 | Gauntlet | Killed a minotaur
 17825 | Gauntlet | Identified the +4 cloak "Zutod" {Harm rC- rN+ Int+4}
 17863 | Lair:3   | Found a staircase to the Snake Pit.
 17982 | Lair:3   | Reached XP level 13. HP: 81/94 MP: 14/27
 17993 | Lair:3   | You fall into a shaft and drop 2 floors!
 17993 | Lair:5   | Entered Level 5 of the Lair of Beasts
 18802 | Lair:3   | Noticed Sonja
 18805 | Lair:3   | Killed Sonja
 19374 | Lair:3   | Learned a level 2 spell: Ensorcelled Hibernation
 19701 | Lair:4   | Reached skill level 11 in Spellcasting
 20309 | Lair:5   | Slain by a cane toad

Illustrated notes

Levels and vault maps discovered:
D:1:      dpeg_arrival_circle_labyrinth_c, layout_basic
D:2:      layout_basic, hellmonk_ecumenical_altar_blasted, basic_altar
D:3:      layout_loops_corners, serial_shops, shop, uniq_sigmund,
          uniq_crazy_yiuf_cottage
D:4:      layout_loops_ring, cheibriados_altar_1,
          mainiacjoe_overflow_concentric_impassable, minmay_circle_x, uniq_ijyb
D:5:      layout_gridville
D:6:      layout_loops_ring, overflow_temple_1_default, temple_statues,
          roderic_batcave, minivault_14
D:7:      layout_basic, dancing_weapons_uskayaw, hangedman_minor_gate_pass
D:8:      layout_layer_cave, chequers_temple_overflow_minitemple,
          amcnicky_mini_rare_corridor_liquid, uniq_maurice, uniq_erica,
          uniq_pikel
D:9:      erik_cavepeople, layout_basic, dreamdust_gnoll_shepherd, uniq_psyche
Lair:1:   layout_chaotic_city, infiniplex_staircase_pool_2, grunt_megastairs_5
Lair:2:   layout_cave_pods, minmay_swamp_entry_worms
Lair:3:   layout_small_grid, guppyfry_snake_entry_island,
          gauntlet_entry_generic, uniq_sonja
Lair:4:   layout_loops_ring, lemuel_fruit_tree
Lair:5:   evilmike_catoblepas_cave, layout_long_grid, slime_entry_1,
          grunt_megastairs_1

Skill      XL: |  1  2  3  4  5  6  7  8  9 10 11 12 13 |
---------------+----------------------------------------+-----
Earth Magic    | 3 4 5 6 7 8 9 10 | 10.9
Dodging        | 2 4 5 6 |  6.5
Spellcasting   | 3 4 5 6 7 8 9 10 11 | 11.0
Stealth        | 2 3 4 |  4.5
Armour         | 1 2 3 4 5 |  5.4
Fighting       | 1 2 3 4 |  4.8
Maces & Flails | 2 3 4 5 6 |  6.3
Conjurations   | 1 3 5 7 8 9 |  9.0
Evocations     | 1 |  1.4
Throwing       | 1 |  1.4
Shields        | |  0.5
Unarmed Combat | |  0.2
Transmutations | |  0.8

Action                   |  1- 3 |  4- 6 |  7- 9 | 10-12 | 13-15 || total
-------------------------+-------+-------+-------+-------+-------++-------
Melee: Unarmed           |    17 |       |       |       |       ||    17
       Whip              |    10 |       |       |       |       ||    10
       Mace              |       |     6 |    46 |   172 |     8 ||   232
       Punch             |       |       |     1 |     2 |       ||     3
Throw: Dart              |       |       |     3 |     5 |     1 ||     9
       Throwing net      |       |       |       |     1 |       ||     1
 Cast: Sandblast         |    58 |    46 |    58 |       |       ||   162
       Stone Arrow       |       |       |    71 |   273 |    52 ||   396
Evoke: Wand              |       |       |     1 |     5 |       ||     6
  Use: Scroll            |       |    14 |     8 |    16 |     1 ||    39
       Potion            |       |       |       |     9 |       ||     9
 Stab: Sleeping          |       |       |     2 |     1 |       ||     3
Armor: Robe              |     6 |       |       |       |       ||     6
       Leather armour    |     1 |    14 |    34 |    26 |       ||    75
       Troll leather arm |       |       |       |   129 |    16 ||   145
Dodge: Dodged            |    32 |    44 |    76 |   336 |    68 ||   556
Block: Other             |       |       |       |     9 |    16 ||    25
